A- EAST
COLUMBIA FIREFLIES @ DELMARVA SHOREBIRDS
06/10/2042
 
TOP OF THE 1ST
Columbia Fireflies batting - Pitching for Delmarva Shorebirds : RHP Anthony Sherlag Jr.
Pitching: RHP Anthony Sherlag Jr.
Batting: LHB Luis Ramos 0-0: DOUBLE (Line Drive, 9LD, EV 109.4 MPH)
Batting: RHB Sancho Hernández 0-0: Called Strike
0-1: Swinging Strike
0-2: Ball
1-2: Ball
2-2: Strikes out looking
Batting: LHB Devin Henderson 0-0: Ball
1-0: Called Strike
1-1: Ball
2-1: Ground out 4-3 (Groundball, 4, EV 88.8 MPH)
Luis Ramos to third
Batting: LHB Isaac Vargas 0-0: Ball
1-0: Ball
2-0: Called Strike
2-1: DOUBLE (Groundball, 3L, EV 109.4 MPH)
Luis Ramos scores
Pinch Runner at 2nd António Martínez:
Batting: RHB António Sánchez 0-0: Fly out, F9 (Line Drive, 9LM, EV 100.0 MPH)
Top of the 1st over - 1 run, 2 hits, 0 errors, 1 left on base; Columbia 1 - Delmarva 0
BOTTOM OF THE 1ST
Delmarva Shorebirds batting - Pitching for Columbia Fireflies : LHP Tommy Ramos
Pitching: LHP Tommy Ramos
Now in CF: David Aguirre
Batting: RHB Juan Solís 0-0: Called Strike
0-1: Foul Ball, location: 2F
0-2: Strikes out swinging
Batting: SHB Juan Alvarado 0-0: Called Strike
0-1: Foul Ball, location: 25F
0-2: Strikes out looking
Batting: LHB Tim Rogers 0-0: Foul Ball, location: 2F
0-1: SINGLE (Groundball, 34D, EV 105.0 MPH)
Batting: RHB Jerry Elmore 0-0: Called Strike
0-1: Ball
1-1: Ball
Tim Rogers steals 2nd base (no throw)
2-1: Swinging Strike
2-2: Strikes out swinging
Bottom of the 1st over - 0 runs, 1 hit, 0 errors, 1 left on base; Columbia 1 - Delmarva 0
TOP OF THE 2ND
Columbia Fireflies batting - Pitching for Delmarva Shorebirds : RHP Anthony Sherlag Jr.
Batting: LHB Jon Márquez 0-0: Ball
1-0: Foul Ball, location: 3F
1-1: SINGLE (Line Drive, 9S, EV 103.8 MPH)
Batting: RHB Luis Martínez 0-0: Called Strike
0-1: Foul Ball, location: 2F
0-2: Foul Ball, location: 9LSF
0-2: SINGLE (Groundball, 6MD, EV 95.0 MPH)
Jon Márquez to second
Batting: RHB Tony Owens 0-0: Called Strike
0-1: Ball
1-1: Fly out, F7 (Flyball, 78D, EV 92.5 MPH)
Batting: RHB Jean-Sébastien Petit 0-0: Foul Ball, location: 2F
0-1: Ball
1-1: Foul Ball, location: 9LDF
1-2: Fly out, F4 (Popup, 34, EV 56.9 MPH)
Batting: LHB Luis Ramos 0-0: Foul Ball, location: 3F
0-1: Called Strike
0-2: Ground out 3-1 (Groundball, 34, EV 106.3 MPH)
Top of the 2nd over - 0 runs, 2 hits, 0 errors, 2 left on base; Columbia 1 - Delmarva 0
BOTTOM OF THE 2ND
Delmarva Shorebirds batting - Pitching for Columbia Fireflies : LHP Tommy Ramos
Batting: RHB Walt Baker 0-0: Fly out, F3 (Flyball, 3D, EV 90.6 MPH)
Batting: RHB Ron Lee 0-0: Ball
1-0: Called Strike
1-1: Ball
2-1: Swinging Strike
2-2: Ball
3-2: Strikes out looking
Batting: RHB Héctor Martínez 0-0: Called Strike
0-1: Ball
1-1: Foul Ball, location: 9LDF
1-2: Foul Ball, location: 7LDF
1-2: Ball
2-2: Strikes out swinging
Bottom of the 2nd over - 0 runs, 0 hits, 0 errors, 0 left on base; Columbia 1 - Delmarva 0
TOP OF THE 3RD
Columbia Fireflies batting - Pitching for Delmarva Shorebirds : RHP Anthony Sherlag Jr.
Batting: RHB Sancho Hernández 0-0: Called Strike
0-1: Foul Ball, location: 7LMF
0-2: Fly out, F3 (Popup, 3F, EV 78.8 MPH)
Batting: LHB Devin Henderson 0-0: Called Strike
0-1: Fly out, F8 (Flyball, 8LD, EV 110.6 MPH)
Batting: RHB David Aguirre 0-0: Ball
1-0: Ground out 4-3 (Groundball, 4, EV 103.8 MPH)
Top of the 3rd over - 0 runs, 0 hits, 0 errors, 0 left on base; Columbia 1 - Delmarva 0
BOTTOM OF THE 3RD
Delmarva Shorebirds batting - Pitching for Columbia Fireflies : LHP Tommy Ramos
Batting: RHB Chris Jackson 0-0: Called Strike
0-1: Ball
1-1: Ball
2-1: Ball
3-1: Base on Balls
Batting: RHB Cam Johnston 0-0: Sac Bunt to 13S - play at first, batter OUT! 1-3
Chris Jackson to second
Batting: RHB Juan Solís 0-0: Called Strike
0-1: Foul Ball, location: 3SF
0-2: Ball
1-2: Strikes out swinging
Batting: SHB Juan Alvarado 0-0: Foul Ball, location: 3DF
0-1: Ball
1-1: Ball
2-1: Ball
3-1: Base on Balls
Batting: LHB Tim Rogers 0-0: Ball
1-0: Ball
2-0: Called Strike
2-1: Ball
3-1: Foul Ball, location: 2F
3-2: Strikes out swinging
Bottom of the 3rd over - 0 runs, 0 hits, 0 errors, 2 left on base; Columbia 1 - Delmarva 0
TOP OF THE 4TH
Columbia Fireflies batting - Pitching for Delmarva Shorebirds : RHP Anthony Sherlag Jr.
Batting: RHB António Sánchez 0-0: Ground out 6-3 (Groundball, 4MS, EV 90.0 MPH)
Batting: LHB Jon Márquez 0-0: Ground out 5-3 (Groundball, 5, EV 107.5 MPH)
Batting: RHB Luis Martínez 0-0: Ball
1-0: Ball
2-0: Ball
3-0: Called Strike
3-1: Foul Ball, location: 9LSF
3-2: Foul Ball, location: 3F
3-2: Base on Balls
Batting: RHB Tony Owens 0-0: SINGLE (Flyball, 8LS, EV 92.5 MPH)
Luis Martínez to second
Batting: RHB Jean-Sébastien Petit 0-0: Called Strike
0-1: Ball
1-1: Fly out, F8 (Flyball, 8RD, EV 101.3 MPH)
Top of the 4th over - 0 runs, 1 hit, 0 errors, 2 left on base; Columbia 1 - Delmarva 0
BOTTOM OF THE 4TH
Delmarva Shorebirds batting - Pitching for Columbia Fireflies : LHP Tommy Ramos
Batting: RHB Jerry Elmore 0-0: Foul Ball, location: 2F
0-1: SINGLE (Groundball, 3D, EV 99.4 MPH)
Batting: RHB Walt Baker 0-0: Foul Ball, location: 25FF
0-1: Foul Ball, location: 5FF
0-2: Ball
1-2: Strikes out swinging
Batting: RHB Ron Lee 0-0: Ball
1-0: Called Strike
1-1: Foul Ball, location: 5F
1-2: Ball
2-2: Grounds into double play, 6-4-3 (Groundball, 6, EV 82.5 MPH)
Bottom of the 4th over - 0 runs, 1 hit, 0 errors, 0 left on base; Columbia 1 - Delmarva 0
TOP OF THE 5TH
Columbia Fireflies batting - Pitching for Delmarva Shorebirds : RHP Anthony Sherlag Jr.
Batting: LHB Luis Ramos 0-0: Ball
1-0: Ground out 5-3 (Groundball, 56, EV 76.3 MPH)
Batting: RHB Sancho Hernández 0-0: Ball
1-0: Ball
2-0: Foul Ball, location: 9LSF
2-1: Ground out 6-3 (Groundball, 6, EV 103.1 MPH)
Batting: LHB Devin Henderson 0-0: Ball
1-0: Ball
2-0: Ball
3-0: Base on Balls
Batting: RHB David Aguirre 0-0: Ball
1-0: Called Strike
Devin Henderson steals 2nd base
1-1: Foul Ball, location: 2F
1-2: Strikes out swinging
Top of the 5th over - 0 runs, 0 hits, 0 errors, 1 left on base; Columbia 1 - Delmarva 0
BOTTOM OF THE 5TH
Delmarva Shorebirds batting - Pitching for Columbia Fireflies : LHP Tommy Ramos
Batting: RHB Héctor Martínez 0-0: Foul Ball, location: 9LMF
0-1: Ball
1-1: Foul Ball, location: 23FF
1-2: Foul Ball, location: 2F
1-2: Ball
2-2: Ball
3-2: Base on Balls
Batting: RHB Chris Jackson 0-0: Bunt missed!
0-1: Fly out, F7 (Flyball, 7S, EV 81.3 MPH)
Batting: RHB Cam Johnston 0-0: Grounds into double play, 4-6-3 (Groundball, 4M, EV 81.3 MPH)
Bottom of the 5th over - 0 runs, 0 hits, 0 errors, 0 left on base; Columbia 1 - Delmarva 0
TOP OF THE 6TH
Columbia Fireflies batting - Pitching for Delmarva Shorebirds : RHP Anthony Sherlag Jr.
Batting: RHB António Sánchez 0-0: Ball
1-0: Ball
2-0: Called Strike
2-1: Ground out 6-3 (Groundball, 6, EV 108.1 MPH)
Batting: LHB Jon Márquez 0-0: Called Strike
0-1: Called Strike
0-2: Strikes out looking
Batting: RHB Luis Martínez 0-0: Ball
1-0: Ball
2-0: Called Strike
2-1: Ball
3-1: Foul Ball, location: 3FF
3-2: Ground out 5-3 (Groundball, 56S, EV 78.1 MPH)
Top of the 6th over - 0 runs, 0 hits, 0 errors, 0 left on base; Columbia 1 - Delmarva 0
BOTTOM OF THE 6TH
Delmarva Shorebirds batting - Pitching for Columbia Fireflies : LHP Tommy Ramos
Batting: RHB Juan Solís 0-0: Called Strike
0-1: Ball
1-1: Ball
2-1: Foul Ball, location: 2F
2-2: Fly out, F8 (Flyball, 8LD, EV 75.6 MPH)
Batting: SHB Juan Alvarado 0-0: Ball
1-0: Called Strike
1-1: Foul Ball, location: 3F
1-2: Foul Ball, location: 7LMF
1-2: Ball
2-2: Strikes out looking
Batting: LHB Tim Rogers 0-0: SINGLE (Line Drive, 8LS, EV 90.6 MPH)
Batting: RHB Jerry Elmore 0-0: Ball
1-0: Swinging Strike
1-1: Ball
2-1: Called Strike
2-2: Foul Ball, location: 9LSF
2-2: Strikes out swinging
Bottom of the 6th over - 0 runs, 1 hit, 0 errors, 1 left on base; Columbia 1 - Delmarva 0
TOP OF THE 7TH
Columbia Fireflies batting - Pitching for Delmarva Shorebirds : RHP Anthony Sherlag Jr.
Pitching: RHP Mike Arnold
Batting: RHB Tony Owens 0-0: Called Strike
0-1: Ball
1-1: Ball
2-1: Foul Ball, location: 2F
2-2: Ball
3-2: Base on Balls
Batting: RHB Jean-Sébastien Petit 0-0: Ball
1-0: Bunted foul
1-1: Ball
2-1: Bunted foul
2-2: Foul Ball, location: 25F
2-2: Strikes out swinging
Batting: LHB Luis Ramos Balk!
Tony Owens to second
0-0: Swinging Strike
0-1: Ball
1-1: Ball
2-1: Called Strike
2-2: Ball
3-2: Base on Balls
Batting: RHB Sancho Hernández 0-0: Grounds into double play, 4-6-3 (Groundball, 4, EV 79.4 MPH)
Top of the 7th over - 0 runs, 0 hits, 0 errors, 1 left on base; Columbia 1 - Delmarva 0
BOTTOM OF THE 7TH
Delmarva Shorebirds batting - Pitching for Columbia Fireflies : LHP Tommy Ramos
Batting: RHB Walt Baker 0-0: Called Strike
0-1: Ball
1-1: Called Strike
1-2: Strikes out swinging
Batting: RHB Ron Lee 0-0: Called Strike
0-1: Called Strike
0-2: Ball
1-2: Foul Ball, location: 2F
1-2: Strikes out swinging
Batting: RHB Héctor Martínez 0-0: Foul Ball, location: 9LMF
0-1: Ground out 4-3 (Groundball, 4, EV 83.1 MPH)
Bottom of the 7th over - 0 runs, 0 hits, 0 errors, 0 left on base; Columbia 1 - Delmarva 0
TOP OF THE 8TH
Columbia Fireflies batting - Pitching for Delmarva Shorebirds : RHP Mike Arnold
Batting: LHB Devin Henderson 0-0: Called Strike
0-1: Ball
1-1: Ball
2-1: Ground out U3 (Groundball, 3L, EV 102.5 MPH)
Batting: RHB David Aguirre 0-0: Ball
1-0: Called Strike
1-1: Called Strike
1-2: Fly out, F6 (Popup, P, EV 83.8 MPH)
Batting: RHB António Sánchez 0-0: Ball
1-0: Ball
2-0: Called Strike
2-1: SINGLE (Line Drive, 89S, EV 110.0 MPH)
Batting: LHB Jon Márquez 0-0: Ball
1-0: Foul Ball, location: 3F
1-1: Foul Ball, location: 2F
1-2: Strikes out swinging
Top of the 8th over - 0 runs, 1 hit, 0 errors, 1 left on base; Columbia 1 - Delmarva 0
BOTTOM OF THE 8TH
Delmarva Shorebirds batting - Pitching for Columbia Fireflies : LHP Tommy Ramos
Batting: RHB Chris Jackson 0-0: Fly out, F7 (Flyball, 7LM, EV 86.3 MPH)
Batting: RHB Cam Johnston 0-0: Foul Ball, location: 2F
0-1: Ball
1-1: Called Strike
1-2: Ground out 6-3 (Groundball, 56, EV 106.3 MPH)
Batting: RHB Juan Solís 0-0: Ball
1-0: Ball
2-0: Called Strike
2-1: Ball
3-1: Called Strike
3-2: Foul Ball, location: 2F
3-2: Strikes out swinging, 2-3 out at first.
Bottom of the 8th over - 0 runs, 0 hits, 0 errors, 0 left on base; Columbia 1 - Delmarva 0
TOP OF THE 9TH
Columbia Fireflies batting - Pitching for Delmarva Shorebirds : RHP Mike Arnold
Batting: RHB Luis Martínez 0-0: Ball
1-0: Called Strike
1-1: SINGLE (Groundball, 6MD, EV 100.0 MPH)
Batting: RHB Tony Owens 0-0: Ball
Wild Pitch!
Luis Martínez to second
1-0: Intentional Walk
Batting: RHB Jean-Sébastien Petit 0-0: Sac Bunt to 5S - play at first, batter OUT! 5-4
Luis Martínez to third
Tony Owens to second
Batting: LHB Luis Ramos 0-0: Intentional Walk
Batting: RHB Sancho Hernández Balk!
Luis Martínez scores
Tony Owens to third
Luis Ramos to second
0-0: Ball
1-0: Ball
2-0: Swinging Strike
2-1: Ball
3-1: Base on Balls
Batting: LHB Devin Henderson 0-0: Ball
1-0: Foul Ball, location: 7LSF
1-1: Ball
2-1: DOUBLE (Flyball, 89D, EV 91.9 MPH)
Tony Owens scores
Luis Ramos scores
Sancho Hernández to third
Runner from 3rd tries for Home, SAFE, throw by CF to home
Pitching: RHP Geremia Velo
Batting: RHB David Aguirre 0-0: Fly out, F9 (Flyball, 9, EV 97.5 MPH)
Batting: RHB António Sánchez 0-0: Called Strike
0-1: Ball
1-1: Called Strike
1-2: Ball
2-2: Foul Ball, location: 2F
2-2: Fly out, F9 (Flyball, 9, EV 98.8 MPH)
Top of the 9th over - 4 runs, 2 hits, 0 errors, 1 left on base; Columbia 5 - Delmarva 0
BOTTOM OF THE 9TH
Delmarva Shorebirds batting - Pitching for Columbia Fireflies : LHP Tommy Ramos
Batting: SHB Juan Alvarado 0-0: Ball
1-0: Ball
2-0: Called Strike
2-1: Ball
3-1: Swinging Strike
3-2: Strikes out looking
Pitching: RHP Doug Bland
Batting: LHB Tim Rogers 0-0: Ball
1-0: Swinging Strike
1-1: Called Strike
1-2: Strikes out swinging
Pinch Hitting: LHB Bobby Davis 0-0: Ball
1-0: Ball
2-0: Foul Ball, location: 2F
2-1: Fly out, F9 (Flyball, 9D, EV 105.6 MPH)
Bottom of the 9th over - 0 runs, 0 hits, 0 errors, 0 left on base; Columbia 5 - Delmarva 0
Friday, May 3rd , 2024 - OOTP Baseball 24.10 Build 82